Map: World of Sleepers LE

Players

Ratl

  • Race: Protoss Protoss
  • League: Silver
  • Spawn Location: 7:00

xxPUNKROCKxx - Winner!

  • Race: Terran Terran
  • League: Platinum
  • Spawn Location: 1:00

VOD

Have the link to the VOD?

Description

Time

  • Played on: Feb. 4, 2020, 7:34 p.m.
  • Length: 5:12
Show
View Real Time Build Order
Export as new Build Order

Ratl Protoss 

Build Orders: Double Forge 

Get SALT Encoding   

  12  0:01  Probe  
  13  0:13  Probe  
  14  0:25  Probe  
  14  0:27  Pylon  
  15  0:46  Probe  
  15  0:48  Gateway  
  16  0:54  Assimilator  
  16  0:58  Probe (Chrono Boost)  
  17  1:10  Probe (Chrono Boost)  
  18  1:15  Gateway  
  18  1:16  Probe (Chrono Boost)  
  19  1:24  Probe  
  20  1:26  Assimilator  
  20  1:36  Probe  
  20  1:39  Cybernetics Core  
  21  1:43  Pylon  
  21  1:48  Probe  
  22  2:00  Probe  
  23  2:12  Probe  
  24  2:16  Warp Gate  
  24  2:17  Stalker (Chrono Boost)  
  28  2:25  Probe, Stalker (Chrono Boost)  
  29  2:37  Probe  
  29  2:49  Probe  
  29  2:56  Stalker  
  31  3:05  Pylon  
  31  3:20  Robotics Facility  
  31  3:23  Probe, Gateway, Stalker  
  34  3:34  Stalker  
  36  3:35  Probe  
  37  3:54  Pylon  
  37  3:55  Nexus  
  37  3:57  Probe  
  38  4:09  Probe  
  39  4:13  Observer  
  40  4:21  Probe  
  41  4:31  Forge  
  41  4:33  Forge  
  41  4:36  Probe  
  46  4:48  Probe  
  47  5:06  Stalker x2  
Show
View Real Time Build Order
Export as new Build Order

xxPUNKROCKxx Terran - Winner!

Build Orders: 2 Factory 

Get SALT Encoding   

  12  0:09  Supply Depot  
  12  0:13  SCV  
  13  0:27  SCV  
  14  0:33  Barracks  
  14  0:41  Refinery  
  14  0:42  SCV  
  15  0:54  SCV  
  16  1:06  SCV, Refinery  
  17  1:19  SCV  
  17  1:23  Reaper  
  19  1:32  SCV  
  20  1:44  SCV  
  21  1:49  Barracks  
  21  1:54  Barracks  
  21  1:59  Barracks Reactor  
  21  2:01  SCV  
  21  2:07  Supply Depot  
  20  2:15  Orbital Command  
  22  2:40  Marine x2  
  24  2:54  Barracks Reactor, Barracks Tech Lab  
  24  3:01  Factory  
  24  3:05  SCV, Factory  
  24  3:09  Marine x2  
  27  3:17  SCV  
  28  3:20  Stimpack  
  28  3:30  SCV  
  28  3:32  Barracks  
  29  3:35  Engineering Bay  
  29  3:41  Marine  
  29  3:42  SCV  
  29  3:44  Factory Tech Lab  
  31  3:52  Factory Tech Lab  
  31  3:54  Marine x2  
  33  4:00  Marine x2  
  35  4:03  Marine  
  36  4:11  Supply Depot  
  36  4:12  Marine  
  37  4:17  Marine  
  37  4:19  Marine  
  39  4:33  Marine  
  39  4:34  Marine x2  
  39  4:35  Marine  
  39  4:37  Marine  
  43  4:50  Marine  
  47  4:53  Marine  
Tags
 
Add a new tag
Caveats
  • Supply blocks, unpowered buildings, or Contaminate may cause inaccurate times.
  • Supply counts are checked every 10 seconds.